Map: Acid Plant LE

Players

Scarlett

  • Race: Zerg Zerg
  • Spawn Location: 11:00

sOs - Winner!

  • Race: Protoss Protoss
  • Spawn Location: 5:00

Event: IEM Season 12 - PyeongChang

VOD

Have the link to the VOD?

Description

Time

  • Played on: Feb. 7, 2018, midnight
  • Length: 14:06

All games in this series

Show
View Real Time Build Order
Export as new Build Order

Scarlett Zerg 

Build Orders: Hatch First 

Get SALT Encoding   

  12  0:00  Drone  
  13  0:12  Overlord  
  13  0:16  Drone  
  14  0:30  Drone x2  
  14  0:34  Drone  
  17  0:51  Hatchery  
  17  0:55  Drone  
  17  0:57  Drone  
  17  1:03  Extractor  
  17  1:14  Spawning Pool  
  17  1:17  Drone  
  17  1:20  Drone  
  18  1:28  Drone  
  19  1:39  Drone  
  20  1:49  Overlord  
  20  2:00  Queen  
  22  2:04  Queen, Metabolic Boost  
  22  2:07  Zergling x2  
  25  2:10  Zergling x2  
  25  2:14  Drone  
  27  2:17  Drone  
  29  2:22  Drone  
  29  2:28  Drone  
  30  2:39  Drone x2  
  32  2:45  Hatchery  
  30  2:51  Overlord  
  30  2:54  Zergling x2  
  30  2:55  Evolution Chamber  
  30  2:57  Zergling x2  
  30  2:58  Zergling x2  
  32  3:06  Drone  
  32  3:12  Drone x3  
  36  3:16  Queen  
  36  3:19  Drone x2  
  40  3:25  Overlord  
  40  3:33  Drone x2  
  42  3:34  Zerg Melee Weapons Level 1  
  42  3:39  Spore Crawler  
  41  3:44  Drone x2  
  41  3:45  Overlord  
  41  3:46  Drone  
  44  3:52  Drone x2  
  44  3:55  Overlord  
  46  4:10  Queen, Drone x6  
  53  4:19  Overlord, Queen  
  53  4:23  Overlord  
  55  4:29  Pneumatized Carapace  
  55  4:33  Drone, Extractor  
  55  4:34  Drone  
  55  4:35  Spore Crawler  
  55  4:38  Drone x4  
  56  4:44  Drone x2  
  61  4:46  Baneling Nest  
  59  4:54  Zergling x10  
  59  4:55  Queen  
  66  5:01  Zergling x2  
  66  5:02  Zergling x6  
  66  5:04  Zergling x4  
  72  5:15  Overlord  
  72  5:29  Zergling x2  
  72  5:30  Overlord x3  
  72  5:32  Queen  
  72  5:33  Queen x2  
  72  5:34  Zergling x2  
  72  5:35  Zergling x2  
  77  5:51  Zergling x14  
  77  5:52  Zergling x10  
  86  5:58  Zergling x14  
  86  6:01  Baneling x2  
  86  6:02  Baneling x3  
  92  6:09  Zergling x6  
  91  6:13  Zergling x2  
  92  6:25  Lair  
  90  6:26  Zergling x12  
  90  6:28  Baneling  
  90  6:29  Baneling x5  
  90  6:31  Zergling x4  
  97  6:41  Baneling x4  
  97  6:42  Drone x3  
  97  6:44  Drone x2  
  97  6:45  Extractor  
  97  6:46  Roach Warren  
  96  6:57  Overlord, Drone  
  95  7:05  Overlord  
  95  7:07  Zerg Missile Weapons Level 1  
  95  7:08  Extractor  
  94  7:09  Overlord, Drone  
  94  7:10  Drone x2  
  94  7:11  Overlord x2  
  94  7:14  Extractor  
  96  7:17  Drone  
  96  7:18  Drone x5  
  96  7:22  Overlord  
  102  7:25  Roach x2  
  102  7:29  Overlord  
  104  7:30  Roach x2  
  104  7:36  Overlord  
  109  7:37  Drone x3  
  109  7:38  Glial Reconstitution  
  111  7:45  Roach x5  
  111  7:50  Roach  
  111  7:51  Roach x2  
  122  7:55  Drone  
  122  7:56  Drone  
  121  8:03  Roach x3  
  127  8:10  Roach x3  
  127  8:11  Roach  
  135  8:13  Drone x2  
  135  8:19  Roach x2  
  141  8:25  Hatchery, Roach x3  
  146  8:30  Baneling x2  
  146  8:33  Roach  
  146  8:34  Roach x2  
  147  8:45  Zergling x6, Roach x5  
  140  8:54  Roach x6  
  129  9:05  Roach x2  
  129  9:06  Roach x3  
  129  9:08  Queen  
  132  9:14  Roach x2  
  136  9:19  Zerg Missile Weapons Level 2  
  136  9:21  Ravager  
  137  9:27  Overlord x3  
  137  9:40  Roach x2  
  137  9:41  Roach x4  
  137  9:43  Roach  
  137  9:44  Zergling x2, Roach  
  126  9:46  Roach  
  126  9:47  Zergling x2  
  118  9:53  Roach  
  118  9:54  Roach  
  118  9:58  Roach  
  112  10:04  Roach  
  112  10:05  Roach  
  112  10:06  Roach x2  
  112  10:07  Roach x2  
  124  10:13  Roach  
  126  10:16  Roach x3  
  126  10:18  Baneling  
  126  10:19  Baneling x3, Roach x2  
  136  10:22  Roach  
  126  10:29  Roach  
  126  10:40  Roach x3  
  113  10:47  Roach x3  
  113  10:48  Queen x2  
  113  10:50  Roach  
  113  10:51  Roach x2  
  119  10:57  Roach  
  123  11:04  Roach x2  
  123  11:08  Roach  
  127  11:13  Roach x2  
  131  11:21  Roach  
  131  11:22  Roach x2  
  137  11:30  Roach x4  
  145  11:33  Hatchery  
  145  11:35  Roach  
  148  11:40  Roach x2  
  148  11:45  Roach  
  149  11:51  Ravager x4, Zergling x4  
  155  11:57  Roach  
  155  11:58  Zergling x2, Extractor, Roach x2  
  145  12:14  Roach  
  145  12:15  Roach x6  
  123  12:18  Zergling x6  
  123  12:20  Zergling x2  
  123  12:21  Queen x2, Zergling x2  
  93  12:32  Roach x5  
  93  12:35  Queen  
  105  12:37  Baneling x4  
  102  12:57  Queen  
  103  13:01  Spire  
  103  13:02  Drone x2  
  103  13:03  Drone, Extractor  
  104  13:06  Drone x2  
  104  13:07  Drone  
  106  13:14  Zergling x20  
  106  13:16  Drone  
  106  13:17  Drone  
  118  13:21  Roach x2  
  122  13:28  Roach  
  122  13:30  Ravager x4  
  122  13:34  Baneling x6  
  128  13:36  Roach x2  
  128  13:41  Roach x2  
  124  13:45  Roach  
  124  13:46  Roach  
Show
View Real Time Build Order
Export as new Build Order

sOs Protoss - Winner!

Build Orders: 1 Gate Expand, Oracle Opening, Phoenix Opening, Archon Immortal, Zealot Archon, Archon Drop 

Get SALT Encoding   

  12  0:00  Probe  
  13  0:12  Probe  
  14  0:19  Pylon  
  14  0:24  Probe  
  15  0:37  Probe (Chrono Boost)  
  16  0:44  Gateway  
  16  0:47  Probe (Chrono Boost)  
  17  0:52  Assimilator, Probe (Chrono Boost)  
  19  1:04  Probe  
  19  1:16  Probe  
  20  1:24  Nexus  
  20  1:34  Cybernetics Core  
  20  1:37  Probe  
  21  1:42  Assimilator  
  21  1:49  Probe  
  21  1:53  Pylon  
  23  2:01  Probe  
  23  2:09  Adept (Chrono Boost)  
  23  2:13  Probe  
  26  2:19  Stargate  
  26  2:26  Probe  
  27  2:30  Warp Gate  
  27  2:32  Adept  
  29  2:38  Probe (Chrono Boost)  
  31  2:44  Probe (Chrono Boost)  
  31  2:47  Probe (Chrono Boost)  
  33  2:51  Probe (Chrono Boost)  
  33  2:52  Probe (Chrono Boost)  
  34  3:02  Probe, Phoenix (Chrono Boost)  
  34  3:04  Probe  
  38  3:14  Probe  
  38  3:16  Probe  
  38  3:19  Oracle (Chrono Boost)  
  40  3:23  Assimilator  
  40  3:24  Assimilator  
  43  3:29  Pylon  
  43  3:30  Gateway, Probe  
  43  3:33  Probe  
  45  3:42  Robotics Facility  
  45  3:44  Probe  
  45  3:47  Probe  
  47  4:00  Probe x2  
  48  4:04  Twilight Council  
  50  4:13  Probe x2  
  52  4:19  Gateway  
  52  4:20  Gateway  
  50  4:25  Gateway  
  50  4:26  Warp Prism (Chrono Boost)  
  52  4:32  Probe  
  52  4:33  Probe  
  52  4:36  Pylon  
  54  4:42  Templar Archives  
  54  4:55  Pylon, Zealot x2  
  54  4:58  Probe  
  54  4:59  Pylon  
  59  5:04  Pylon  
  59  5:20  High Templar x3  
  59  5:21  High Templar  
  67  5:22  Nexus  
  67  5:24  Immortal (Chrono Boost)  
  67  5:26  Archon x2  
  71  5:31  Charge (Chrono Boost)  
  71  5:38  Sentry  
  73  5:47  Pylon  
  69  5:54  Zealot x4  
  72  5:59  Immortal (Chrono Boost)  
  76  6:10  Sentry  
  78  6:14  Gateway  
  78  6:15  Gateway  
  78  6:16  Gateway  
  78  6:21  High Templar  
  78  6:22  High Templar  
  82  6:30  Shield Battery  
  82  6:42  Archon  
  82  6:45  Immortal  
  86  7:01  Pylon  
  86  7:04  Pylon  
  86  7:06  Pylon x2  
  86  7:16  Pylon  
  86  7:19  Probe x2  
  86  7:21  Stalker x2  
  89  7:31  Probe x2  
  89  7:34  Pylon  
  91  7:38  Zealot x4  
  91  7:39  Zealot x2  
  91  7:41  Pylon  
  91  8:01  Gateway  
  91  8:06  High Templar x4  
  91  8:07  Sentry, Zealot x2  
  91  8:10  Archon x2  
  105  8:27  Nexus  
  105  8:28  Sentry x2  
  105  8:29  Sentry  
  105  8:34  Zealot x3  
  89  8:58  Zealot x5, High Templar x2  
  89  9:02  Archon  
  101  9:09  Immortal (Chrono Boost)  
  99  9:11  Pylon  
  99  9:23  Sentry x2, Zealot  
  99  9:24  Zealot x3  
  111  9:30  Sentry  
  113  9:36  Zealot  
  97  9:49  Zealot x3  
  97  9:50  Zealot x3  
  103  9:56  Immortal (Chrono Boost)  
  97  10:09  Sentry x2  
  97  10:12  Sentry  
  101  10:14  Zealot x4  
  93  10:40  Zealot x2  
  93  10:41  Zealot x4  
  91  10:48  Sentry x2  
  95  10:54  Immortal (Chrono Boost)  
  97  11:11  Pylon  
  97  11:16  Sentry x2  
  97  11:17  Zealot x4  
  97  11:18  Zealot  
  109  11:20  Zealot  
  111  11:40  High Templar x2  
  111  11:41  Zealot x5  
  111  11:44  Archon  
  125  11:58  Pylon  
  111  12:12  Zealot x6  
  111  12:13  Zealot x2  
  73  12:34  High Templar x2  
  73  12:36  Sentry, High Templar x2  
  73  12:37  Sentry, Zealot x2  
  83  12:40  Assimilator  
  83  12:41  Assimilator, Archon x2  
  87  12:48  Immortal (Chrono Boost)  
  91  12:59  Zealot x4  
  99  13:20  Sentry, Zealot, High Templar x2  
  99  13:21  Zealot x4  
  99  13:24  Archon  
  109  13:46  Zealot x5  
  109  13:47  Zealot x2  
  109  13:53  Zealot  

Tags
 
Add a new tag
Caveats
  • Supply blocks, unpowered buildings, or Contaminate may cause inaccurate times.
  • Supply counts are checked every 10 seconds.